Avalanche vs Rangers
(R1)
Created - 19 mai 2013 at 08:47
Goals
|
| Avalanche |
0 |
1 |
3 |
4 |
| Rangers |
0 |
3 |
2 |
5 |
|
Shots
|
| Avalanche |
6 |
12 |
21 |
39 |
| Rangers |
9 |
13 |
5 |
27 |
|
1st period
No Goal
Penalties :
Johan Franzen (NYR) for Boarding (Minor) at 2:09, Milan Lucic (NYR) for Holding (Minor) at 9:18, Dave Tanabe (Col) for Holding (Minor) at 9:18, Ryan Smyth (Col) for Hooking (Minor) at 17:04
2nd period
1. Avalanche , Mike Comrie 31 (Ryan Smyth, Jason Pominville) at 1:46 (PP)
2. Rangers , Jeremy Roenick 35 (Johan Franzen, Bryan Berard) at 1:59
3. Rangers , Patrice Bergeron 23 (Kyle McLaren, Bobby Holik) at 14:32
4. Rangers , Brad Richards 34 (Dustin Brown, Patrick Sharp) at 19:17 (PP)
Penalties :
Johan Franzen (NYR) for Roughing (Minor) at 1:03, Bryan Berard (NYR) for Hooking (Minor) at 12:59, Dustin Byfuglien (Col) for Slashing (Minor) at 12:59, Johan Franzen (NYR) for Holding Stick (Minor) at 15:30, Mattias Norstrom (Col) for Diving (Minor) at 18:10
3rd period
5. Rangers , Milan Lucic 39 (Martin Sonnenberg) at 1:42 (SH)
6. Rangers , Brad Richards 35 (Jeremy Roenick, Bryan Berard) at 8:04 (SH)
7. Avalanche , Ryan Smyth 40 (Jason Pominville, Jack Johnson) at 9:35 (PP)
8. Avalanche , Rostislav Olesz 14 (Radim Vrbata, Oleg Kvasha) at 13:38 (PP)
9. Avalanche , Jason Pominville 33 (Mike Comrie) at 13:42
Penalties :
Johan Franzen (NYR) for Roughing (Minor) at 1:08, Martin Sonnenberg (NYR) for Tripping (Minor) at 3:41, Kyle McLaren (NYR) for Tripping (Minor) at 7:02, Drew Stafford (NYR) for Hooking (Minor) at 9:20, Johan Franzen (NYR) for Hooking (Minor) at 9:42, Alexandre Burrows (NYR) for Holding (Minor) at 12:47, Milan Lucic (NYR) for Hooking (Minor) at 14:22, Oleg Kvasha (Col) for Holding (Minor) at 14:22
Goalie Stats
Antti Niemi (Col), 22 saves from 27 shots - (0,815), L, 23-33-6, 59:08 minutes
Hannu Toivonen (NYR), 35 saves from 39 shots - (0,897), W, 7-3-0, 60:00 minutes
Players Stats for Avalanche
Player Name G A P +/- PIM S H SB GA TA FO MP PP MP PK MP
------------------------------------------------------------------------------------
Andrew Ladd 0 0 0 0 0 1 0 0 1 0 1/1 8:29 0:00 1:42
Brian Campbell 0 0 0 -2 0 6 2 2 2 0 0/0 27:38 7:30 1:22
Chuck Kobasew 0 0 0 0 0 0 0 0 0 0 0/0 8:06 0:07 0:56
Dave Tanabe 0 0 0 -1 2 2 0 3 1 2 0/0 22:29 7:10 1:44
Dustin Byfuglien 0 0 0 0 2 1 0 0 0 0 1/1 6:37 0:00 0:00
Éric Perrin 0 0 0 0 0 1 2 0 0 0 1/3 9:36 0:15 0:00
Jack Johnson 0 1 1 -1 0 1 2 0 1 1 0/0 17:28 6:13 0:00
Jason Pominville 1 2 3 -1 0 7 0 2 0 0 0/2 24:22 7:47 0:00
Jeff Taffe 0 0 0 0 0 0 2 0 0 0 0/0 7:24 0:00 0:28
Marc Staal 0 0 0 -2 0 2 1 2 1 0 0/0 26:03 6:13 1:22
Mattias Norstrom 0 0 0 0 2 1 0 0 1 0 0/0 14:58 0:20 1:15
Maxim Talbot 0 0 0 0 0 1 0 0 0 1 0/4 8:20 0:00 1:42
Mike Comrie 1 1 2 0 0 2 1 0 1 0 12/32 20:20 7:39 0:56
Oleg Kvasha 0 1 1 -2 2 0 2 0 0 0 2/8 18:30 5:49 0:00
Radek Martinek 0 0 0 0 0 0 0 0 0 1 0/0 12:08 0:00 0:29
Radim Vrbata 0 1 1 -2 0 4 3 0 0 1 0/0 17:31 5:49 0:00
Rostislav Olesz 1 0 1 -2 0 3 1 0 1 0 1/2 16:18 5:49 0:28
Ryan Smyth 1 1 2 -1 2 7 2 2 0 0 7/10 24:35 7:54 0:00
Players Stats for Rangers
Player Name G A P +/- PIM S H SB GA TA FO MP PP MP PK MP
------------------------------------------------------------------------------------
Alexandre Burrows 0 0 0 0 2 0 1 0 1 0 0/0 10:39 0:00 0:54
Bobby Holik 0 1 1 1 0 0 0 0 0 1 3/5 10:57 0:03 1:21
Brad Richards 2 0 2 1 0 4 3 0 0 0 2/7 21:23 1:19 8:42
Brent Seabrook 0 0 0 0 0 2 0 2 2 0 0/0 12:56 0:00 0:00
Bryan Berard 0 2 2 1 2 3 4 3 0 0 0/0 28:43 2:04 7:46
Cam Barker 0 0 0 2 0 0 1 3 1 4 0/0 18:20 1:02 5:57
Drew Stafford 0 0 0 0 2 2 0 0 0 0 0/0 9:37 0:03 0:00
Dustin Brown 0 1 1 0 0 1 2 0 0 0 0/0 9:01 1:19 0:00
Ian Laperriere 0 0 0 0 0 1 1 0 0 1 0/0 7:06 0:00 0:00
Jeremy Roenick 1 1 2 1 0 1 2 2 0 0 30/45 25:50 1:44 8:41
Johan Franzen 0 1 1 0 10 2 1 0 1 0 0/1 17:29 1:44 1:26
Kimmo Timonen 0 0 0 1 0 2 1 2 0 2 0/0 30:55 2:04 7:46
Kyle McLaren 0 1 1 2 2 1 2 1 0 1 0/0 17:49 1:02 5:23
Martin Sonnenberg 0 1 1 1 2 2 1 0 0 0 1/1 9:51 0:00 2:15
Matt Greene 0 0 0 0 0 0 2 2 0 0 0/0 11:19 0:00 0:34
Milan Lucic 1 0 1 1 4 4 2 1 0 0 0/0 18:38 1:44 4:07
Patrice Bergeron 1 0 1 1 0 1 1 0 0 0 2/4 10:34 0:03 0:00
Patrick Sharp 0 1 1 0 0 1 0 0 1 0 0/0 9:01 1:19 0:00
3 Stars
1 - Brad Richards (NYR)
2 - Jeremy Roenick (NYR)
3 - Jason Pominville (Col)
Power Play
Avalanche - 3 on 9 Attempt(s) - 33,33%
Rangers - 1 on 2 Attempt(s) - 50,00%
Penalty Kill
Avalanche - 1 on 2 Attempt(s) - 50,00%
- Score 0 goal in Penalty Kill
Rangers - 6 on 9 Attempt(s) - 66,67%
- Score 2 goal in Penalty Kill
Official
Referees : StPierre Justin and Auger Stephane
Linesman : Steve Miller and Jean Morin
Game Notes
No Game Note
Finance
Level 1 -- Attendance: 4755 (79,25%) -- Ticket Income 427 950 $
Level 2 -- Attendance: 3819 (76,38%) -- Ticket Income 210 045 $
Level 3 -- Attendance: 2000 (100,00%) -- Ticket Income 60 000 $
Level 4 -- Attendance: 3148 (78,70%) -- Ticket Income 62 960 $
Luxury Box -- Attendance: 714 (71,40%) -- Ticket Income 124 950 $
Game was played at the Madison Square Garden
Total Attendance: 14436 (80,20%)
Total Ticket Income: 885 905 $
Other Income: 44 295 $
Total Income: 930 200 $
Avalanche
5 vs 5 Forward
Center Left Wing Right Wing Time % Phy DF OF
1 Mike Comrie Ryan Smyth Jason Pominville 40 1 2 2
2 Oleg Kvasha Rostislav Olesz Radim Vrbata 30 1 2 2
3 Maxim Talbot Andrew Ladd Dustin Byfuglien 15 4 1 0
4 Éric Perrin Jeff Taffe Chuck Kobasew 15 1 2 2
5 vs 5 Defense
Defense Defense Time % Phy DF OF
1 Brian Campbell Marc Staal 40 1 2 2
2 Dave Tanabe Mattias Norstrom 25 1 2 2
3 Jack Johnson Radek Martinek 25 1 2 2
4 Brian Campbell Marc Staal 10 1 2 2
PowerPlay Forward
Center Left Wing Right Wing Time % Phy DF OF
1 Mike Comrie Ryan Smyth Jason Pominville 60 1 2 2
2 Oleg Kvasha Rostislav Olesz Radim Vrbata 40 1 2 2
PowerPlay Defense
Defense Defense Time % Phy DF OF
1 Brian Campbell Dave Tanabe 60 1 2 2
2 Marc Staal Jack Johnson 40 1 2 2
Penalty Kill 4 Players Forward
Center Wing Time % Phy DF OF
1 Maxim Talbot Andrew Ladd 60 1 2 2
2 Mike Comrie Chuck Kobasew 40 1 2 2
Penalty Kill 4 Players Defense
Defense Defense Time % Phy DF OF
1 Brian Campbell Marc Staal 60 1 2 2
2 Dave Tanabe Mattias Norstrom 40 1 2 2
Penalty Kill - 3 Players Forward
Forward Time % Phy DF OF
1 Oleg Kvasha 60 1 2 2
2 Mike Comrie 40 1 2 2
Penalty Kill - 3 Players Defense
Defense Defense Time % Phy DF OF
1 Brian Campbell Marc Staal 60 1 2 2
2 Dave Tanabe Mattias Norstrom 40 1 2 2
4 vs 4 Forward
Center Wing Time % Phy DF OF
1 Ryan Smyth Jason Pominville 60 1 2 2
2 Oleg Kvasha Radim Vrbata 40 1 2 2
4 vs 4 Defense
Defense Defense Time % Phy DF OF
1 Brian Campbell Marc Staal 60 1 2 2
2 Dave Tanabe Mattias Norstrom 40 1 2 2
Last Minutes Offensive
Center Left Wing Right Wing Defense Defense
Oleg Kvasha Ryan Smyth Jason Pominville Brian Campbell Dave Tanabe
Last Minutes Defensive
Center Left Wing Right Wing Defense Defense
Mike Comrie Ryan Smyth Radim Vrbata Dave Tanabe Marc Staal
Goaltenders
Starting : Antti Niemi
Backup : Patrick Lalime
Extra Forwards
Normal : Radim Vrbata, Éric Perrin, Rostislav Olesz - PP : Radim Vrbata, Éric Perrin - PK : Rostislav Olesz
Extra Defensemen
Normal : Mattias Norstrom, Radek Martinek, Dave Tanabe - PP : Mattias Norstrom - PK : Radek Martinek, Dave Tanabe
Penalty Shots
Ryan Smyth, Jason Pominville, Oleg Kvasha, Brian Campbell, Mike Comrie
Rangers
5 vs 5 Forward
Center Left Wing Right Wing Time % Phy DF OF
1 Jeremy Roenick Milan Lucic Johan Franzen 40 1 2 2
2 Brad Richards Patrick Sharp Dustin Brown 30 1 2 2
3 Patrice Bergeron Alexandre Burrows Drew Stafford 20 1 2 2
4 Bobby Holik Martin Sonnenberg Ian Laperriere 10 1 2 2
5 vs 5 Defense
Defense Defense Time % Phy DF OF
1 Kimmo Timonen Bryan Berard 40 1 2 2
2 Cam Barker Kyle McLaren 30 1 2 2
3 Brent Seabrook Matt Greene 20 1 2 2
4 Kimmo Timonen Bryan Berard 10 1 2 2
PowerPlay Forward
Center Left Wing Right Wing Time % Phy DF OF
1 Jeremy Roenick Milan Lucic Johan Franzen 60 1 2 2
2 Brad Richards Patrick Sharp Dustin Brown 40 1 2 2
PowerPlay Defense
Defense Defense Time % Phy DF OF
1 Kimmo Timonen Bryan Berard 60 1 2 2
2 Cam Barker Kyle McLaren 40 1 2 2
Penalty Kill 4 Players Forward
Center Wing Time % Phy DF OF
1 Jeremy Roenick Brad Richards 60 1 2 2
2 Johan Franzen Milan Lucic 40 1 2 2
Penalty Kill 4 Players Defense
Defense Defense Time % Phy DF OF
1 Kimmo Timonen Bryan Berard 60 1 2 2
2 Cam Barker Kyle McLaren 40 1 2 2
Penalty Kill - 3 Players Forward
Forward Time % Phy DF OF
1 Jeremy Roenick 60 1 2 2
2 Brad Richards 40 1 2 2
Penalty Kill - 3 Players Defense
Defense Defense Time % Phy DF OF
1 Kimmo Timonen Bryan Berard 60 1 2 2
2 Cam Barker Kyle McLaren 40 1 2 2
4 vs 4 Forward
Center Wing Time % Phy DF OF
1 Jeremy Roenick Brad Richards 60 1 2 2
2 Johan Franzen Milan Lucic 40 1 2 2
4 vs 4 Defense
Defense Defense Time % Phy DF OF
1 Kimmo Timonen Bryan Berard 60 1 2 2
2 Cam Barker Kyle McLaren 40 1 2 2
Last Minutes Offensive
Center Left Wing Right Wing Defense Defense
Jeremy Roenick Milan Lucic Johan Franzen Kimmo Timonen Bryan Berard
Last Minutes Defensive
Center Left Wing Right Wing Defense Defense
Jeremy Roenick Milan Lucic Johan Franzen Kimmo Timonen Bryan Berard
Goaltenders
Starting : Hannu Toivonen
Backup : Henrik Lundqvist
Extra Forwards
Normal : Bobby Holik, Patrice Bergeron, Martin Sonnenberg - PP : Bobby Holik, Patrice Bergeron - PK : Martin Sonnenberg
Extra Defensemen
Normal : Brent Seabrook, Matt Greene, Cam Barker - PP : Brent Seabrook - PK : Matt Greene, Cam Barker
Penalty Shots
Jeremy Roenick, Brad Richards, Johan Franzen, Milan Lucic, Patrick Sharp
% Time on Ice - Avalanche
Lines # - Real PCT - Wanted PCT - Time Play
Normal Forward
1 - 32% - 40% - 11:42
2 - 30% - 30% - 10:49
3 - 18% - 15% - 6:38
4 - 19% - 15% - 6:56
Normal Defense
1 - 41% - 40% - 14:44
2 - 35% - 25% - 12:30
3 - 24% - 25% - 8:37
4 - 1% - 10% - 0:14
PP Forward
1 - 58% - 60% - 7:54
2 - 42% - 40% - 5:49
PP Defense
1 - 55% - 60% - 7:30
2 - 45% - 40% - 6:13
PK Forward
1 - 70% - 60% - 2:10
2 - 30% - 40% - 0:56
PK Defense
1 - 44% - 60% - 1:22
2 - 56% - 40% - 1:44
PK3 Forward
1 - 0% - 60%
2 - 0% - 40%
PK3 Defense
1 - 0% - 60%
2 - 0% - 40%
44 Forward
1 - 75% - 60% - 4:29
2 - 25% - 40% - 1:28
44 Defense
1 - 51% - 60% - 3:03
2 - 49% - 40% - 2:54
Last Minute Offensive - 1:09
Last Minute Defensive - 0:00
Total
Forward - 60:00
Defense - 60:00
|
% Time on Ice - Rangers
Lines # - Real PCT - Wanted PCT - Time Play
Normal Forward
1 - 31% - 40% - 11:07
2 - 23% - 30% - 8:28
3 - 26% - 20% - 9:35
4 - 20% - 10% - 7:06
Normal Defense
1 - 44% - 40% - 15:59
2 - 27% - 30% - 9:38
3 - 27% - 20% - 9:47
4 - 2% - 10% - 0:52
PP Forward
1 - 58% - 60% - 1:47
2 - 42% - 40% - 1:19
PP Defense
1 - 67% - 60% - 2:04
2 - 33% - 40% - 1:02
PK Forward
1 - 70% - 60% - 9:33
2 - 30% - 40% - 4:10
PK Defense
1 - 57% - 60% - 7:46
2 - 43% - 40% - 5:57
PK3 Forward
1 - 0% - 60%
2 - 0% - 40%
PK3 Defense
1 - 0% - 60%
2 - 0% - 40%
44 Forward
1 - 71% - 60% - 4:12
2 - 29% - 40% - 1:45
44 Defense
1 - 71% - 60% - 4:14
2 - 29% - 40% - 1:43
Last Minute Offensive - 0:00
Last Minute Defensive - 0:58
Total
Forward - 60:00
Defense - 60:00
|
Play by Play
1st period
0:01 of 1st period - Jeremy Roenick wins face-off versus Mike Comrie in neutral zone.
0:26 of 1st period - Icing by Kimmo Timonen.
0:27 of 1st period - Jeremy Roenick wins face-off versus Maxim Talbot in Rangers zone.
1:10 of 1st period - Dave Tanabe is hit by Brad Richards and loses puck.
2:09 of 1st period - Minor Penalty to Johan Franzen for Boarding.
2:10 of 1st period - Jeremy Roenick wins face-off versus Mike Comrie in Rangers zone.
4:09 of 1st period - Penalty to Johan Franzen is over, Johan Franzen is back on ice.
6:19 of 1st period - Jeff Taffe is hit by Milan Lucic and loses puck.
6:32 of 1st period - Radek Martinek is hit by Dustin Brown.
6:46 of 1st period - Wrist shot by Ryan Smyth.
6:46 of 1st period - Deflect By Jason Pominville.
6:46 of 1st period - Stopped by Hannu Toivonen without a rebound.
6:47 of 1st period - Mike Comrie wins face-off versus Bobby Holik in Rangers zone.
6:48 of 1st period - Snap shot by Jason Pominville.
6:48 of 1st period - Shot Misses the Net.
6:56 of 1st period - Wrist shot by Mike Comrie.
6:56 of 1st period - Shot Misses the Net.
7:10 of 1st period - Snap shot by Rostislav Olesz.
7:10 of 1st period - Stopped by Hannu Toivonen without a rebound.
7:11 of 1st period - Jeremy Roenick wins face-off versus Rostislav Olesz in Rangers zone.
7:16 of 1st period - Snap shot by Johan Franzen.
7:16 of 1st period - Shot Misses the Net.
7:18 of 1st period - Slapshot by Kimmo Timonen.
7:18 of 1st period - Stopped by Antti Niemi with a rebound.
7:20 of 1st period - Slapshot by Bryan Berard.
7:20 of 1st period - Stopped by Antti Niemi without a rebound.
7:21 of 1st period - Jeremy Roenick wins face-off versus Mike Comrie in Avalanche zone.
7:26 of 1st period - Wrist shot by Johan Franzen.
7:26 of 1st period - Stopped by Antti Niemi without a rebound.
7:27 of 1st period - Jeremy Roenick wins face-off versus Mike Comrie in Avalanche zone.
7:30 of 1st period - Snap shot by Milan Lucic.
7:30 of 1st period - Shot Misses the Net.
7:32 of 1st period - Slapshot by Kimmo Timonen.
7:32 of 1st period - Shot Blocked by Marc Staal.
7:34 of 1st period - Slapshot by Bryan Berard.
7:34 of 1st period - Stopped by Antti Niemi with a rebound.
7:36 of 1st period - Wrist shot by Jeremy Roenick.
7:36 of 1st period - Shot Blocked by Jason Pominville.
7:38 of 1st period - Snap shot by Milan Lucic.
7:38 of 1st period - Stopped by Antti Niemi without a rebound.
7:39 of 1st period - Jeremy Roenick wins face-off versus Mike Comrie in Avalanche zone.
7:57 of 1st period - Jason Pominville is hit by Johan Franzen and loses puck.
8:30 of 1st period - Oleg Kvasha is hit by Matt Greene and loses puck.
8:45 of 1st period - Snap shot by Oleg Kvasha.
8:45 of 1st period - Shot Blocked by Cam Barker.
8:47 of 1st period - Snap shot by Rostislav Olesz.
8:47 of 1st period - Stopped by Hannu Toivonen with a rebound.
8:49 of 1st period - Snap shot by Radim Vrbata.
8:49 of 1st period - Shot Misses the Net.
8:51 of 1st period - Slapshot by Marc Staal.
8:51 of 1st period - Stopped by Hannu Toivonen with a rebound.
8:53 of 1st period - Snap shot by Oleg Kvasha.
8:53 of 1st period - Shot Blocked by Kyle McLaren.
8:55 of 1st period - Slapshot by Marc Staal.
8:55 of 1st period - Shot Blocked by Cam Barker.
9:15 of 1st period - Snap shot by Martin Sonnenberg.
9:15 of 1st period - Stopped by Antti Niemi without a rebound.
9:16 of 1st period - Mike Comrie wins face-off versus Johan Franzen in Avalanche zone.
9:18 of 1st period - Minor Penalty to Milan Lucic for Holding.
9:18 of 1st period - Minor Penalty to Dave Tanabe for Holding.
9:19 of 1st period - Ryan Smyth wins face-off versus Jeremy Roenick in neutral zone.
9:26 of 1st period - Snap shot by Ryan Smyth.
9:26 of 1st period - Shot Blocked by Jeremy Roenick.
10:05 of 1st period - Johan Franzen is hit by Oleg Kvasha and loses puck.
10:16 of 1st period - Ryan Smyth is hit by Cam Barker and loses puck.
10:31 of 1st period - Snap shot by Bobby Holik.
10:31 of 1st period - Shot Misses the Net.
11:14 of 1st period - Bobby Holik is hit by Éric Perrin and loses puck.
11:18 of 1st period - Penalty to Milan Lucic is over, Milan Lucic is back on ice.
11:18 of 1st period - Penalty to Dave Tanabe is over, Dave Tanabe is back on ice.
11:22 of 1st period - Icing by Dave Tanabe.
11:23 of 1st period - Oleg Kvasha wins face-off versus Patrice Bergeron in Avalanche zone.
11:59 of 1st period - Wrist shot by Milan Lucic.
11:59 of 1st period - Shot Misses the Net.
12:14 of 1st period - Mike Comrie is hit by Brad Richards and loses puck.
13:06 of 1st period - Slapshot by Kyle McLaren.
13:06 of 1st period - Shot Misses the Net.
13:23 of 1st period - Jeremy Roenick is hit by Brian Campbell and loses puck.
14:43 of 1st period - Wrist shot by Jason Pominville.
14:43 of 1st period - Stopped by Hannu Toivonen without a rebound.
14:44 of 1st period - Mike Comrie wins face-off versus Brad Richards in Rangers zone.
14:53 of 1st period - Snap shot by Jason Pominville.
14:53 of 1st period - Shot Misses the Net.
15:09 of 1st period - Wrist shot by Martin Sonnenberg.
15:09 of 1st period - Shot Misses the Net.
15:11 of 1st period - Snap shot by Matt Greene.
15:11 of 1st period - Shot Misses the Net.
15:13 of 1st period - Snap shot by Martin Sonnenberg.
15:13 of 1st period - Shot Blocked by Jason Pominville.
15:15 of 1st period - Snap shot by Martin Sonnenberg.
15:15 of 1st period - Shot Blocked by Dave Tanabe.
15:17 of 1st period - Slapshot by Matt Greene.
15:17 of 1st period - Shot Blocked by Dave Tanabe.
15:19 of 1st period - Slapshot by Brent Seabrook.
15:19 of 1st period - Shot Blocked by Ryan Smyth.
15:21 of 1st period - Snap shot by Ian Laperriere.
15:21 of 1st period - Stopped by Antti Niemi with a rebound.
16:16 of 1st period - Snap shot by Patrick Sharp.
16:16 of 1st period - Deflect By Brian Campbell.
16:16 of 1st period - Shot Misses the Net.
16:16 of 1st period - Puck is out of play.
16:17 of 1st period - Brad Richards wins face-off versus Oleg Kvasha in Avalanche zone.
16:44 of 1st period - Jack Johnson is hit by Jeremy Roenick and loses puck.
17:04 of 1st period - Minor Penalty to Ryan Smyth for Hooking.
17:05 of 1st period - Jeremy Roenick wins face-off versus Maxim Talbot in Avalanche zone.
17:10 of 1st period - Snap shot by Johan Franzen.
17:10 of 1st period - Stopped by Antti Niemi with a rebound.
17:16 of 1st period - Wrist shot by Milan Lucic.
17:16 of 1st period - Stopped by Antti Niemi with a rebound.
18:27 of 1st period - Snap shot by Mattias Norstrom.
18:27 of 1st period - Shot Misses the Net.
18:35 of 1st period - Kimmo Timonen is hit by Jeff Taffe and loses puck.
19:04 of 1st period - Penalty to Ryan Smyth is over, Ryan Smyth is back on ice.
19:14 of 1st period - Slapshot by Brian Campbell.
19:14 of 1st period - Stopped by Hannu Toivonen without a rebound.
19:15 of 1st period - Patrice Bergeron wins face-off versus Oleg Kvasha in Rangers zone.
19:15 of 1st period - Patrice Bergeron is hit by Rostislav Olesz.
19:28 of 1st period - Snap shot by Rostislav Olesz.
19:28 of 1st period - Shot Blocked by Brent Seabrook.
19:40 of 1st period - Ryan Smyth is hit by Matt Greene and loses puck.
2nd period
0:01 of 2nd period - Jeremy Roenick wins face-off versus Mike Comrie in neutral zone.
0:04 of 2nd period - Ryan Smyth is hit by Bryan Berard and loses puck.
0:25 of 2nd period - Oleg Kvasha is hit by Bryan Berard and loses puck.
0:46 of 2nd period - Slapshot by Éric Perrin.
0:46 of 2nd period - Stopped by Hannu Toivonen without a rebound.
0:47 of 2nd period - Ryan Smyth wins face-off versus Patrice Bergeron in Rangers zone.
0:54 of 2nd period - Snap shot by Ryan Smyth.
0:54 of 2nd period - Stopped by Hannu Toivonen without a rebound.
0:55 of 2nd period - Mike Comrie wins face-off versus Jeremy Roenick in Rangers zone.
0:58 of 2nd period - Slapshot by Jason Pominville.
0:58 of 2nd period - Stopped by Hannu Toivonen with a rebound.
1:00 of 2nd period - Snap shot by Ryan Smyth.
1:00 of 2nd period - Stopped by Hannu Toivonen with a rebound.
1:02 of 2nd period - Wrist shot by Jason Pominville.
1:02 of 2nd period - Stopped by Hannu Toivonen with a rebound.
1:03 of 2nd period - Minor Penalty to Johan Franzen for Roughing.
1:04 of 2nd period - Jeremy Roenick wins face-off versus Mike Comrie in Rangers zone.
1:23 of 2nd period - Icing by Mike Comrie.
1:24 of 2nd period - Ryan Smyth wins face-off versus Brad Richards in Avalanche zone.
1:31 of 2nd period - Jeremy Roenick is hit by Brian Campbell and loses puck.
1:44 of 2nd period - Slapshot by Mike Comrie.
1:44 of 2nd period - Shot Blocked by Bryan Berard.
1:46 of 2nd period - Snap shot by Mike Comrie.
1:46 of 2nd period - Goal by Mike Comrie - Avalanche : 1 - Rangers : 0.
1:47 of 2nd period - Jeremy Roenick wins face-off versus Mike Comrie in neutral zone.
1:55 of 2nd period - Wrist shot by Johan Franzen.
1:55 of 2nd period - Shot Misses the Net.
1:57 of 2nd period - Slapshot by Bryan Berard.
1:57 of 2nd period - Stopped by Antti Niemi with a rebound.
1:59 of 2nd period - Slapshot by Johan Franzen.
1:59 of 2nd period - Deflect By Jeremy Roenick.
1:59 of 2nd period - Goal by Jeremy Roenick - Avalanche : 1 - Rangers : 1.
2:00 of 2nd period - Jeremy Roenick wins face-off versus Mike Comrie in neutral zone.
3:06 of 2nd period - Snap shot by Patrice Bergeron.
3:06 of 2nd period - Shot Misses the Net.
4:14 of 2nd period - Slapshot by Brad Richards.
4:14 of 2nd period - Stopped by Antti Niemi with a rebound.
6:03 of 2nd period - Matt Greene is hit by Ryan Smyth and loses puck.
6:18 of 2nd period - Wrist shot by Jeremy Roenick.
6:18 of 2nd period - Shot Misses the Net.
6:24 of 2nd period - Slapshot by Patrick Sharp.
6:24 of 2nd period - Deflect By Dustin Brown.
6:24 of 2nd period - Shot Misses the Net.
6:24 of 2nd period - Puck is out of play.
6:25 of 2nd period - Oleg Kvasha wins face-off versus Brad Richards in Avalanche zone.
6:25 of 2nd period - Oleg Kvasha is hit by Dustin Brown.
6:56 of 2nd period - Ryan Smyth is hit by Kyle McLaren and loses puck.
7:07 of 2nd period - Wrist shot by Drew Stafford.
7:07 of 2nd period - Shot Blocked by Dave Tanabe.
7:25 of 2nd period - Andrew Ladd is hit by Martin Sonnenberg and loses puck.
8:02 of 2nd period - Wrist shot by Oleg Kvasha.
8:02 of 2nd period - Shot Misses the Net.
8:04 of 2nd period - Snap shot by Radim Vrbata.
8:04 of 2nd period - Stopped by Hannu Toivonen with a rebound.
8:06 of 2nd period - Slapshot by Brian Campbell.
8:06 of 2nd period - Stopped by Hannu Toivonen with a rebound.
8:14 of 2nd period - Brian Campbell is hit by Brad Richards.
8:30 of 2nd period - Snap shot by Drew Stafford.
8:30 of 2nd period - Stopped by Antti Niemi without a rebound.
8:31 of 2nd period - Mike Comrie wins face-off versus Jeremy Roenick in Avalanche zone.
9:03 of 2nd period - Patrick Sharp is hit by Radim Vrbata and loses puck.
9:20 of 2nd period - Slapshot by Kyle McLaren.
9:20 of 2nd period - Stopped by Antti Niemi with a rebound.
10:12 of 2nd period - Snap shot by Jeremy Roenick.
10:12 of 2nd period - Shot Misses the Net.
11:11 of 2nd period - Radek Martinek is hit by Kyle McLaren and loses puck.
11:26 of 2nd period - Icing by Brent Seabrook.
11:27 of 2nd period - Bobby Holik wins face-off versus Oleg Kvasha in Rangers zone.
12:01 of 2nd period - Snap shot by Maxim Talbot.
12:01 of 2nd period - Stopped by Hannu Toivonen with a rebound.
12:03 of 2nd period - Slapshot by Mattias Norstrom.
12:03 of 2nd period - Stopped by Hannu Toivonen with a rebound.
12:23 of 2nd period - Snap shot by Brent Seabrook.
12:23 of 2nd period - Deflect By Martin Sonnenberg.
12:23 of 2nd period - Stopped by Antti Niemi with a rebound.
12:25 of 2nd period - Slapshot by Matt Greene.
12:25 of 2nd period - Shot Misses the Net.
12:27 of 2nd period - Snap shot by Brent Seabrook.
12:27 of 2nd period - Stopped by Antti Niemi with a rebound.
12:29 of 2nd period - Wrist shot by Martin Sonnenberg.
12:29 of 2nd period - Shot Blocked by Marc Staal.
12:31 of 2nd period - Snap shot by Brent Seabrook.
12:31 of 2nd period - Shot Blocked by Brian Campbell.
12:33 of 2nd period - Slapshot by Bobby Holik.
12:33 of 2nd period - Deflect By Martin Sonnenberg.
12:33 of 2nd period - Shot Misses the Net.
12:33 of 2nd period - Puck is out of play.
12:34 of 2nd period - Mike Comrie wins face-off versus Jeremy Roenick in Avalanche zone.
12:59 of 2nd period - Minor Penalty to Bryan Berard for Hooking.
12:59 of 2nd period - Minor Penalty to Dustin Byfuglien for Slashing.
13:00 of 2nd period - Ryan Smyth wins face-off versus Brad Richards in neutral zone.
13:03 of 2nd period - Slapshot by Marc Staal.
13:03 of 2nd period - Shot Misses the Net.
13:05 of 2nd period - Slapshot by Jason Pominville.
13:05 of 2nd period - Shot Misses the Net.
13:07 of 2nd period - Slapshot by Ryan Smyth.
13:07 of 2nd period - Stopped by Hannu Toivonen with a rebound.
13:09 of 2nd period - Snap shot by Brian Campbell.
13:09 of 2nd period - Shot Hit the Post.
13:11 of 2nd period - Snap shot by Jason Pominville.
13:11 of 2nd period - Shot Blocked by Brent Seabrook.
13:49 of 2nd period - Wrist shot by Johan Franzen.
13:49 of 2nd period - Shot Misses the Net.
14:01 of 2nd period - Ryan Smyth is hit by Jeremy Roenick and loses puck.
14:16 of 2nd period - Slapshot by Brent Seabrook.
14:16 of 2nd period - Shot Misses the Net.
14:18 of 2nd period - Wrist shot by Brent Seabrook.
14:18 of 2nd period - Stopped by Antti Niemi without a rebound.
14:19 of 2nd period - Bobby Holik wins face-off versus Ryan Smyth in Avalanche zone.
14:26 of 2nd period - Wrist shot by Bobby Holik.
14:26 of 2nd period - Shot Misses the Net.
14:32 of 2nd period - Snap shot by Patrice Bergeron.
14:32 of 2nd period - Goal by Patrice Bergeron - Avalanche : 1 - Rangers : 2.
14:33 of 2nd period - Ryan Smyth wins face-off versus Jeremy Roenick in neutral zone.
14:58 of 2nd period - Icing by Brent Seabrook.
14:59 of 2nd period - Penalty to Bryan Berard is over, Bryan Berard is back on ice.
14:59 of 2nd period - Penalty to Dustin Byfuglien is over, Dustin Byfuglien is back on ice.
14:59 of 2nd period - Jeremy Roenick wins face-off versus Oleg Kvasha in Rangers zone.
15:18 of 2nd period - Rostislav Olesz is hit by Kimmo Timonen and loses puck.
15:30 of 2nd period - Minor Penalty to Johan Franzen for Holding Stick.
15:31 of 2nd period - Jeremy Roenick wins face-off versus Jason Pominville in Rangers zone.
15:42 of 2nd period - Snap shot by Jason Pominville.
15:42 of 2nd period - Shot Blocked by Jeremy Roenick.
15:44 of 2nd period - Snap shot by Brian Campbell.
15:44 of 2nd period - Shot Blocked by Bryan Berard.
15:46 of 2nd period - Slapshot by Brian Campbell.
15:46 of 2nd period - Shot Misses the Net.
16:01 of 2nd period - Off-side.
16:02 of 2nd period - Jeremy Roenick wins face-off versus Mike Comrie in neutral zone.
16:59 of 2nd period - Kyle McLaren is hit by Radim Vrbata and loses puck.
17:19 of 2nd period - Off-side.
17:20 of 2nd period - Martin Sonnenberg wins face-off versus Mike Comrie in neutral zone.
17:30 of 2nd period - Penalty to Johan Franzen is over, Johan Franzen is back on ice.
17:54 of 2nd period - Wrist shot by Drew Stafford.
17:54 of 2nd period - Shot Misses the Net.
18:10 of 2nd period - Minor Penalty to Mattias Norstrom for Diving.
18:11 of 2nd period - Andrew Ladd wins face-off versus Jeremy Roenick in Avalanche zone.
18:11 of 2nd period - Andrew Ladd is hit by Milan Lucic.
18:25 of 2nd period - Wrist shot by Andrew Ladd.
18:25 of 2nd period - Stopped by Hannu Toivonen without a rebound.
18:26 of 2nd period - Jeremy Roenick wins face-off versus Maxim Talbot in Rangers zone.
18:33 of 2nd period - Slapshot by Jeremy Roenick.
18:33 of 2nd period - Shot Misses the Net.
19:01 of 2nd period - Snap shot by Brad Richards.
19:01 of 2nd period - Shot Misses the Net.
19:03 of 2nd period - Slapshot by Kimmo Timonen.
19:03 of 2nd period - Stopped by Antti Niemi without a rebound.
19:04 of 2nd period - Brad Richards wins face-off versus Mike Comrie in Avalanche zone.
19:09 of 2nd period - Slapshot by Dustin Brown.
19:09 of 2nd period - Shot Misses the Net.
19:13 of 2nd period - Snap shot by Patrick Sharp.
19:13 of 2nd period - Stopped by Antti Niemi with a rebound.
19:17 of 2nd period - Snap shot by Brad Richards.
19:17 of 2nd period - Goal by Brad Richards - Avalanche : 1 - Rangers : 3.
19:18 of 2nd period - Mike Comrie wins face-off versus Jeremy Roenick in neutral zone.
19:29 of 2nd period - Wrist shot by Jeremy Roenick.
19:29 of 2nd period - Shot Blocked by Brian Campbell.
19:53 of 2nd period - Snap shot by Brad Richards.
19:53 of 2nd period - Deflect By Dustin Brown.
19:53 of 2nd period - Stopped by Antti Niemi without a rebound.
19:54 of 2nd period - Ryan Smyth wins face-off versus Brad Richards in Avalanche zone.
3rd period
0:01 of 3rd period - Mike Comrie wins face-off versus Jeremy Roenick in neutral zone.
0:16 of 3rd period - Wrist shot by Milan Lucic.
0:16 of 3rd period - Shot Blocked by Ryan Smyth.
0:55 of 3rd period - Wrist shot by Chuck Kobasew.
0:55 of 3rd period - Shot Misses the Net.
0:57 of 3rd period - Wrist shot by Éric Perrin.
0:57 of 3rd period - Shot Blocked by Cam Barker.
1:08 of 3rd period - Minor Penalty to Johan Franzen for Roughing.
1:09 of 3rd period - Jeremy Roenick wins face-off versus Mike Comrie in Rangers zone.
1:19 of 3rd period - Kimmo Timonen is hit by Ryan Smyth and loses puck.
1:32 of 3rd period - Brad Richards is hit by Mike Comrie.
1:42 of 3rd period - Snap shot by Milan Lucic.
1:42 of 3rd period - Goal by Milan Lucic - Avalanche : 1 - Rangers : 4.
1:43 of 3rd period - Mike Comrie wins face-off versus Jeremy Roenick in neutral zone.
1:46 of 3rd period - Slapshot by Marc Staal.
1:46 of 3rd period - Shot Misses the Net.
1:48 of 3rd period - Slapshot by Marc Staal.
1:48 of 3rd period - Deflect By Jeremy Roenick.
1:48 of 3rd period - Stopped by Hannu Toivonen with a rebound.
1:50 of 3rd period - Wrist shot by Mike Comrie.
1:50 of 3rd period - Shot Blocked by Kimmo Timonen.
1:52 of 3rd period - Slapshot by Jack Johnson.
1:52 of 3rd period - Stopped by Hannu Toivonen with a rebound.
2:08 of 3rd period - Jeremy Roenick is hit by Radim Vrbata and loses puck.
2:13 of 3rd period - Snap shot by Rostislav Olesz.
2:13 of 3rd period - Shot Blocked by Bryan Berard.
2:15 of 3rd period - Backhand shot by Brian Campbell.
2:15 of 3rd period - Stopped by Hannu Toivonen with a rebound.
3:08 of 3rd period - Penalty to Johan Franzen is over, Johan Franzen is back on ice.
3:23 of 3rd period - Wrist shot by Andrew Ladd.
3:23 of 3rd period - Shot Misses the Net.
3:27 of 3rd period - Slapshot by Maxim Talbot.
3:27 of 3rd period - Shot Misses the Net.
3:29 of 3rd period - Snap shot by Jack Johnson.
3:29 of 3rd period - Deflect By Maxim Talbot.
3:29 of 3rd period - Shot Misses the Net.
3:29 of 3rd period - Puck is out of play.
3:30 of 3rd period - Éric Perrin wins face-off versus Bobby Holik in Rangers zone.
3:33 of 3rd period - Wrist shot by Chuck Kobasew.
3:33 of 3rd period - Shot Misses the Net.
3:41 of 3rd period - Minor Penalty to Martin Sonnenberg for Tripping.
3:42 of 3rd period - Jeremy Roenick wins face-off versus Mike Comrie in Rangers zone.
5:41 of 3rd period - Penalty to Martin Sonnenberg is over, Martin Sonnenberg is back on ice.
5:48 of 3rd period - Slapshot by Dustin Byfuglien.
5:48 of 3rd period - Stopped by Hannu Toivonen without a rebound.
5:49 of 3rd period - Patrice Bergeron wins face-off versus Maxim Talbot in Rangers zone.
6:02 of 3rd period - Patrice Bergeron is hit by Jack Johnson.
6:14 of 3rd period - Brent Seabrook is hit by Jeff Taffe and loses puck.
6:23 of 3rd period - Kimmo Timonen is hit by Éric Perrin and loses puck.
6:54 of 3rd period - Dave Tanabe is hit by Ian Laperriere and loses puck.
7:02 of 3rd period - Minor Penalty to Kyle McLaren for Tripping.
7:03 of 3rd period - Jeremy Roenick wins face-off versus Mike Comrie in Rangers zone.
7:14 of 3rd period - Slapshot by Brian Campbell.
7:14 of 3rd period - Stopped by Hannu Toivonen without a rebound.
7:15 of 3rd period - Jeremy Roenick wins face-off versus Mike Comrie in Rangers zone.
8:02 of 3rd period - Snap shot by Brad Richards.
8:02 of 3rd period - Stopped by Antti Niemi with a rebound.
8:04 of 3rd period - Wrist shot by Brad Richards.
8:04 of 3rd period - Deflect By Radim Vrbata.
8:04 of 3rd period - Goal by Brad Richards - Avalanche : 1 - Rangers : 5.
8:05 of 3rd period - Jeremy Roenick wins face-off versus Jason Pominville in neutral zone.
8:18 of 3rd period - Slapshot by Rostislav Olesz.
8:18 of 3rd period - Shot Blocked by Matt Greene.
8:20 of 3rd period - Slapshot by Oleg Kvasha.
8:20 of 3rd period - Shot Blocked by Matt Greene.
8:22 of 3rd period - Slapshot by Brian Campbell.
8:22 of 3rd period - Shot Hit the Post.
9:02 of 3rd period - Penalty to Kyle McLaren is over, Kyle McLaren is back on ice.
9:20 of 3rd period - Minor Penalty to Drew Stafford for Hooking.
9:21 of 3rd period - Jeremy Roenick wins face-off versus Mike Comrie in Rangers zone.
9:21 of 3rd period - Jeremy Roenick is hit by Jack Johnson.
9:35 of 3rd period - Snap shot by Ryan Smyth.
9:35 of 3rd period - Goal by Ryan Smyth - Avalanche : 2 - Rangers : 5.
9:36 of 3rd period - Jeremy Roenick wins face-off versus Mike Comrie in neutral zone.
9:42 of 3rd period - Minor Penalty to Johan Franzen for Hooking.
9:43 of 3rd period - Mike Comrie wins face-off versus Jeremy Roenick in Rangers zone.
9:54 of 3rd period - Ryan Smyth is hit by Bryan Berard.
11:42 of 3rd period - Penalty to Johan Franzen is over, Johan Franzen is back on ice.
12:09 of 3rd period - Off-side.
12:10 of 3rd period - Bobby Holik wins face-off versus Éric Perrin in neutral zone.
12:44 of 3rd period - Snap shot by Ryan Smyth.
12:44 of 3rd period - Stopped by Hannu Toivonen with a rebound.
12:46 of 3rd period - Wrist shot by Dave Tanabe.
12:46 of 3rd period - Stopped by Hannu Toivonen with a rebound.
12:47 of 3rd period - Minor Penalty to Alexandre Burrows for Holding.
12:48 of 3rd period - Mike Comrie wins face-off versus Jeremy Roenick in Rangers zone.
12:57 of 3rd period - Snap shot by Jason Pominville.
12:57 of 3rd period - Stopped by Hannu Toivonen with a rebound.
13:22 of 3rd period - Snap shot by Mike Comrie.
13:22 of 3rd period - Deflect By Milan Lucic.
13:22 of 3rd period - Stopped by Hannu Toivonen with a rebound.
13:24 of 3rd period - Slapshot by Dave Tanabe.
13:24 of 3rd period - Stopped by Hannu Toivonen without a rebound.
13:25 of 3rd period - Jeremy Roenick wins face-off versus Oleg Kvasha in Rangers zone.
13:36 of 3rd period - Backhand shot by Radim Vrbata.
13:36 of 3rd period - Shot Misses the Net.
13:38 of 3rd period - Snap shot by Rostislav Olesz.
13:38 of 3rd period - Goal by Rostislav Olesz - Avalanche : 3 - Rangers : 5.
13:39 of 3rd period - Mike Comrie wins face-off versus Jeremy Roenick in neutral zone.
13:42 of 3rd period - Wrist shot by Jason Pominville.
13:42 of 3rd period - Goal by Jason Pominville - Avalanche : 4 - Rangers : 5.
13:43 of 3rd period - Jeremy Roenick wins face-off versus Mike Comrie in neutral zone.
13:46 of 3rd period - Snap shot by Milan Lucic.
13:46 of 3rd period - Stopped by Antti Niemi without a rebound.
13:47 of 3rd period - Jeremy Roenick wins face-off versus Mike Comrie in Avalanche zone.
14:02 of 3rd period - Wrist shot by Johan Franzen.
14:02 of 3rd period - Shot Misses the Net.
14:15 of 3rd period - Dustin Brown is hit by Oleg Kvasha and loses puck.
14:19 of 3rd period - Off-side.
14:20 of 3rd period - Rostislav Olesz wins face-off versus Jeremy Roenick in neutral zone.
14:22 of 3rd period - Minor Penalty to Milan Lucic for Hooking.
14:22 of 3rd period - Minor Penalty to Oleg Kvasha for Holding.
14:23 of 3rd period - Jeremy Roenick wins face-off versus Ryan Smyth in neutral zone.
14:37 of 3rd period - Wrist shot by Ryan Smyth.
14:37 of 3rd period - Shot Blocked by Kimmo Timonen.
14:39 of 3rd period - Slapshot by Brian Campbell.
14:39 of 3rd period - Stopped by Hannu Toivonen with a rebound.
15:09 of 3rd period - Slapshot by Bryan Berard.
15:09 of 3rd period - Deflect By Johan Franzen.
15:09 of 3rd period - Shot Misses the Net.
15:09 of 3rd period - Puck is out of play.
15:10 of 3rd period - Jeremy Roenick wins face-off versus Ryan Smyth in Avalanche zone.
15:11 of 3rd period - Wrist shot by Brad Richards.
15:11 of 3rd period - Shot Misses the Net.
15:32 of 3rd period - Icing by Ryan Smyth.
15:33 of 3rd period - Ryan Smyth wins face-off versus Jeremy Roenick in Avalanche zone.
15:54 of 3rd period - Snap shot by Radim Vrbata.
15:54 of 3rd period - Stopped by Hannu Toivonen with a rebound.
16:05 of 3rd period - Snap shot by Radim Vrbata.
16:05 of 3rd period - Stopped by Hannu Toivonen with a rebound.
16:22 of 3rd period - Penalty to Milan Lucic is over, Milan Lucic is back on ice.
16:22 of 3rd period - Penalty to Oleg Kvasha is over, Oleg Kvasha is back on ice.
16:27 of 3rd period - Radim Vrbata is hit by Alexandre Burrows and loses puck.
16:38 of 3rd period - Slapshot by Alexandre Burrows.
16:38 of 3rd period - Deflect By Radim Vrbata.
16:38 of 3rd period - Shot Misses the Net.
16:38 of 3rd period - Puck is out of play.
16:39 of 3rd period - Dustin Byfuglien wins face-off versus Jeremy Roenick in Avalanche zone.
17:10 of 3rd period - Snap shot by Drew Stafford.
17:10 of 3rd period - Stopped by Antti Niemi without a rebound.
17:11 of 3rd period - Jeremy Roenick wins face-off versus Éric Perrin in Avalanche zone.
17:37 of 3rd period - Jack Johnson is hit by Patrice Bergeron and loses puck.
17:47 of 3rd period - Brian Campbell is hit by Bryan Berard.
18:05 of 3rd period - Bryan Berard is hit by Marc Staal and loses puck.
18:24 of 3rd period - Snap shot by Oleg Kvasha.
18:24 of 3rd period - Shot Blocked by Milan Lucic.
18:26 of 3rd period - Snap shot by Radim Vrbata.
18:26 of 3rd period - Stopped by Hannu Toivonen with a rebound.
19:08 of 3rd period - Avalanche, Antti Niemi is pulled from the net.
19:08 of 3rd period - Snap shot by Ryan Smyth.
19:08 of 3rd period - Stopped by Hannu Toivonen with a rebound.
19:20 of 3rd period - Wrist shot by Ryan Smyth.
19:20 of 3rd period - Shot Misses the Net.
19:34 of 3rd period - Snap shot by Ryan Smyth.
19:34 of 3rd period - Stopped by Hannu Toivonen with a rebound.
19:36 of 3rd period - Snap shot by Jason Pominville.
19:36 of 3rd period - Stopped by Hannu Toivonen with a rebound.
19:38 of 3rd period - Slapshot by Brian Campbell.
19:38 of 3rd period - Stopped by Hannu Toivonen without a rebound.
19:39 of 3rd period - Patrick Roy call a timeout for Avalanche.
19:39 of 3rd period - Jeremy Roenick wins face-off versus Oleg Kvasha in Rangers zone.
Output by the SimonT Hockey Simulator (STHS) for François Prévost -- Original Page W3C XHTML 1.0 Valid